 Dungeon Crawl Stone Soup version 0.30-a0-883-g5ad918d77d (webtiles) character file.

Game seed: 14258126417718347186

513 Jeffwins the Firebug (level 7, 0/50 HPs)
             Began as a Human Wanderer on Mar 16, 2023.
             Was a Believer of Vehumet.
             Slain by jasper's ghost (13 damage)
             ... on level 4 of the Dungeon.
             The game lasted 00:08:24 (4962 turns).

Jeffwins the Firebug (Human Wanderer)               Turns: 4962, Time: 00:08:25

Health: 0/50       AC:  6    Str: 11    XL:     7   Next: 43%
Magic:  8/11       EV: 11    Int: 17    God:    Vehumet [**....]
Gold:   128        SH:  0    Dex: 11    Spells: 9/12 levels left

rFire   . . .      SeeInvis .    b - +1 sling
rCold   . . .      Faith    .    (no shield)
rNeg    . . .      Spirit   .    q - +2 robe {Will+}
rPois   .          Reflect  .    r - +0 helmet
rElec   .          Rampage  .    f - +0 cloak
rCorr   .                        (no gloves)
Will    +....                    (no boots)
Stlth   ++                       (no amulet)
HPRegen 0.28/turn                (no ring)
MPRegen 0.12/turn                (no ring)

@: about to teleport
A: no striking features
a: Renounce Religion


You were on level 4 of the Dungeon.
You worshipped Vehumet.
Vehumet was pleased with you.
You visited 1 branch of the dungeon, and saw 4 of its levels.

You collected 170 gold pieces.
You spent 42 gold pieces at shops.


   Skills:
 - Level 2.0 Fighting
 + Level 2.5 Stealth
 * Level 3.3 Spellcasting
 * Level 3.2 Conjurations
 * Level 4.4 Summonings
 * Level 4.5 Fire Magic


You had 9 spell levels left.
You knew the following spells:

 Your Spells              Type           Power      Damage    Failure   Level
x - Call Imp              Summ           18%        N/A       4%          2
z - Foxfire               Conj/Fire      60%        2x1d7     3%          1

Your spell library contained the following spells:

 Spells                   Type           Power      Damage    Failure   Level
 Poisonous Vapours        Pois/Air       4%         N/A       26%         2
 Summon Small Mammal      Summ           72%        N/A       2%          1
 Summon Guardian Golem    Hex/Summ       10%        N/A       21%         3
 Kindle Blastsparks       Fire/Tloc/Air  14%        2d11      26%         3
 Fireball                 Conj/Fire      7%         3d5       67%         5
 Starburst                Conj/Fire      7%         6d4       99%         6

Inventory:

Hand Weapons
 a - a +0 spear
 b - a +1 sling (weapon)
Armour
 f - a +0 cloak (worn)
 q - a +2 robe of willpower (worn)
 r - a +0 helmet (worn)
Scrolls
 c - a scroll of poison {!r}
 d - 3 scrolls of teleportation {@r4}
 g - 2 scrolls of identify {@r1}
 k - a scroll of fear
 m - a scroll of blinking
 n - a scroll of torment {!r}
 o - 3 scrolls of enchant weapon
 p - 2 scrolls of amnesia
Potions
 e - a potion of heal wounds {@q2}
 h - a potion of might {unknown}
 i - a potion of curing {unknown}
 j - 2 potions of brilliance {unknown}
 l - a potion of flight {unknown}

Dungeon Overview and Level Annotations

Branches:
Dungeon (4/15)
 Temple: D:4-7

Altars:
Okawaru
Vehumet

Shops:
D:4 !

Portals:
Abyss: D:4

Annotations:
D:4 1 transporter, jasper's ghost, novice DsGl

#...▒▒$.#..$..#.▒░...##.).
#..▒░.#.#....#.▓▒....#))##
#..▒..##..©.#^.▒.......###
#..░▒..#∩▒▒▒#..▒▓▒..).....
#...░ ..▓▓.▒▓▒.. ▒▓..#####
#...▓ ..▒....▒▓.#.▓..#
#..░▓ #.▓▒▒...▓▒.#▒..##
##..░.##.#^▒▒..▒░.▒▓...#
#...▒▒.§.#@.▒..░$.▒....#
#....░▒▒░xW▒░..▓░.▒....#
#.......▓░▒▓....░▒▒....#
#........▒▓)....)......#
#.........))...........# #
#.........))...........####
#........................>.
###########################


You could see a small abomination and jasper's ghost.


Message History

Casting: Foxfire (safe; 3% risk of failure)
Confirm with . or Enter, or press ? or * to list all spells.
Okay, then.
Casting: Foxfire (safe; 3% risk of failure)
Confirm with . or Enter, or press ? or * to list all spells.
A beastly little devil appears in a puff of flame.
The foxfire hits the small abomination.
The small abomination is lightly damaged.
Unknown command.
The foxfire hits jasper's ghost.
Jasper's ghost is lightly damaged.
Press: ? - help, v - describe, . - travel
Here: jasper's ghost, wielding a weapon of flaming (lightly damaged)
The floor.
As you read the scroll of teleportation {@r4}, it crumbles to dust.
You feel strangely unstable.
The small abomination closely misses you.
Jasper's ghost hits you! Jasper's ghost burns you.
The small abomination hits you!
Unknown command.
Jasper's ghost hits you!
* * * LOW HITPOINT WARNING * * *
Jasper's ghost burns you.
* * * LOW HITPOINT WARNING * * *
Really walk into that dispersal trap?
The small abomination attacks as you move away!
The small abomination barely misses you.
Jasper's ghost attacks as you move away!
Jasper's ghost hits you!
You die...

Skill      XL: |  1  2  3  4  5  6  7 |
---------------+----------------------+-----
Conjurations   | 1 2 3 |  3.2
Spellcasting   | 2 3 |  3.3
Stealth        | 2 |  2.5
Summonings     | 4 |  4.4
Fire Magic     | 4 |  4.5
Fighting       | |  2.0

Action                     |  1- 3 |  4- 6 |  7- 9 || total
---------------------------+-------+-------+-------++-------
  Melee: Club              |     6 |       |       ||     6
         Spear             |    15 |       |       ||    15
         Punch             |     1 |       |       ||     1
   Fire: Sling             |     9 |    27 |     1 ||    37
   Cast: Foxfire           |    78 |   149 |    60 ||   287
         Call Imp          |       |       |     1 ||     1
    Use: Potion            |       |     2 |       ||     2
         Scroll            |       |     1 |     6 ||     7
   Stab: Sleeping          |     1 |       |       ||     1
 Armour: Robe              |    11 |    14 |     4 ||    29
  Dodge: Dodged            |    28 |    35 |    10 ||    73

Levels and vault maps discovered:
D:1:      dpeg_arrival_leaves_temple_mockup, layout_rooms, roderic_roman_lattice
D:2:      layout_rooms, ebering_ecumenical_altar_petrified,
          chequers_serial_rivers_room_b, minivault_19
D:3:      layout_basic, lemuel_round_altar, serial_undead, serial_undead_c,
          serial_undead_b, serial_undead_a, serial_undead_c, serial_undead_d,
          serial_undead_b, serial_undead_f, serial_undead_e, serial_undead_f,
          serial_undead_c
D:4:      layout_rooms, gammafunk_ghost_abyssal_escape, serial_shops, shop,
          uniq_natasha, uniq_robin

Notes
Turn   | Place    | Note
-------+----------+-------------------------------------------
     0 | D:1      | Jeffwins the Human Wanderer began the quest for the Orb.
     0 | D:1      | Jeffwins set off with the following items: a +0 club, a
                  | scroll of fear, a +0 robe, a scroll of teleportation {@r4};
                  | and the following spells available to memorise: Summon
                  | Small Mammal, Call Imp, Foxfire, Summon Guardian Golem,
                  | Kindle Blastsparks.
     0 | D:1      | Reached XP level 1. HP: 16/16 MP: 2/2
     2 | D:1      | Learned a level 1 spell: Foxfire
   186 | D:1      | Reached XP level 2. HP: 8/22 MP: 0/3
   667 | D:1      | Learned a level 2 spell: Call Imp
   988 | D:2      | Reached XP level 3. HP: 27/27 MP: 2/5
  1084 | D:2      | Reached skill level 1 in Conjurations
  1365 | D:2      | Found a faded altar of an unknown god.
  1372 | D:2      | Prayed at the altar of an unknown god.
  1372 | D:2      | Became a worshipper of Vehumet
  1372 | D:2      | Reached * piety under Vehumet
  1372 | D:2      | Offered knowledge of Magic Dart by Vehumet.
  2002 | D:3      | Reached XP level 4. HP: 29/33 MP: 0/6
  2335 | D:3      | Reached skill level 2 in Spellcasting
  2335 | D:3      | Reached XP level 5. HP: 38/38 MP: 4/8
  2457 | D:3      | Reached skill level 2 in Conjurations
  2938 | D:3      | Reached ** piety under Vehumet
  2938 | D:3      | Offered knowledge of Searing Ray by Vehumet.
  3545 | D:3      | Reached XP level 6. HP: 41/44 MP: 5/9
  3634 | D:3      | Found an iron altar of Okawaru.
  3673 | D:4      | Noticed Natasha
  3690 | D:4      | HP: 2/44 [phantom (6)]
  3837 | D:4      | Reached skill level 2 in Stealth
  3917 | D:4      | Reached skill level 4 in Summonings
  3917 | D:4      | Reached skill level 4 in Fire Magic
  4020 | D:4      | Reached skill level 3 in Spellcasting
  4020 | D:4      | HP: 2/44 [iguana (10)]
  4025 | D:4      | Reached XP level 7. HP: 38/50 MP: 1/11
  4118 | D:4      | Killed Natasha
  4127 | D:4      | Noticed Natasha
  4228 | D:4      | Killed Natasha
  4229 | D:4      | Reached skill level 3 in Conjurations
  4243 | D:4      | Noticed Natasha
  4247 | D:4      | Killed Natasha
  4399 | D:4      | Noticed a small abomination
  4583 | D:4      | Found Ganieg's Distillery.
  4591 | D:4      | Bought a potion of attraction for 42 gold pieces
  4611 | D:4      | Found a transporter.
  4663 | D:4      | Noticed Robin
  4668 | D:4      | Killed Robin
  4670 | D:4      | Offered knowledge of Poisonous Vapours by Vehumet.
  4752 | D:4      | Found a one-way gate to the infinite horrors of the Abyss.
  4752 | D:4      | Noticed jasper's ghost (novice DsGl)
  4830 | D:4      | Found a transporter.
  4878 | D:4      | Noticed a small abomination
  4962 | D:4      | Slain by jasper's ghost

Vanquished Creatures
  A phantom (D:4)
  A water moccasin zombie (D:3)
  A howler monkey (D:4)
  A hound (D:4)
  A centaur skeleton (D:3)
  An iguana (D:4)
  Natasha (thrice) (D:4)
  An orc wizard (D:4)
  2 hound skeletons (D:3)
  Robin (D:4)
  An adder (D:4)
  6 adder skeletons (D:3)
  A worm (D:3)
  2 dart slugs
  6 orcs (D:4)
  7 endoplasms
  3 giant cockroaches
  18 goblins
  4 hobgoblins
  2 jackals (D:2)
  5 kobolds
  2 quokkas (D:4)
  4 ball pythons
  A ball python skeleton (D:3)
  2 ball python zombies (D:3)
  12 bats
  2 frilled lizards
  A jackal skeleton (D:3)
  A quokka skeleton (D:3)
  12 rats
105 creatures vanquished.

Vanquished Creatures (collateral kills)
  9 foxfires
9 creatures vanquished.

Vanquished Creatures (others)
  492 foxfires
  6 withered plants (D:3)
498 creatures vanquished.

Grand Total: 612 creatures vanquished

Table legend: (Time is in decaauts)
 A = Elapsed time spent in this place.
 B = Non-inter-level travel time spent in this place.
 C = Inter-level travel time spent in this place.
 D = Time resting spent in this place.
 E = Time spent auto-exploring this place.
 F = Levels seen in this place.
 G = Mean time per level.
                   A        B        C        D        E       F      G
               +--------+--------+--------+--------+--------+-----+--------+
         Total |   4989 |   4861 |    128 |    485 |   3537 |   4 | 1247.2 |
       Dungeon |   4989 |   4861 |    128 |    485 |   3537 |   4 | 1247.2 |
               +--------+--------+--------+--------+--------+-----+--------+

Top non-repeatable levels by time:
     D:3: 1836 daAuts
     D:2: 1177 daAuts
     D:4: 1046 daAuts
     D:1: 928 daAuts

Table legend:
 A = Non-vault XP
 B = Vault XP
 C = Vault XP percentage of total XP
 D = Non-vault monster count
 E = Vault monster count
 F = Vault count percentage of total count
                 A         B        C        D         E       F
            +---------+---------+-------+---------+---------+-------
      Total |     483 |     250 |  34.1 |      78 |      27 |  25.7
            +---------+---------+-------+---------+---------+-------
        D:1 |      27 |       0 |   0.0 |      17 |       0 |   0.0
        D:2 |      40 |       0 |   0.0 |      25 |       0 |   0.0
        D:3 |      27 |     182 |  87.1 |      16 |      15 |  48.4
        D:4 |     389 |      68 |  14.9 |      20 |      12 |  37.5
            +---------+---------+-------+---------+---------+-------
